[Event "FIDE Zonal 4-2 Open 2023"]
[Site "Dimbroko"]
[Date "2023.03.27"]
[Round "4.9"]
[White "KONAN KOUASSI AUGUSTIN"]
[Black "Mambe, Lobognon Anderson Ol"]
[Result "1-0"]
[ECO "B06"]
[WhiteElo "1775"]
[BlackElo "1916"]
[Annotator "TA"]
[PlyCount "49"]
[EventDate "2023.03.25"]
[EventType "swiss"]
[EventCountry "IVO"]
[SourceTitle "playchess.com"]
[Source "ChessBase"]
[SourceQuality "1"]
[TimeControl "40/5400+30:1800+30"]

1. e4 g6 2. d4 Bg7 3. Nf3 d6 4. Nc3 c6 5. h3 Qb6 (5... Nf6 $14) 6. Bc4 $16 {[%emt 0:02:21] B06: Modern Defence.} Nd7 {[%emt 0:03:19] [#]} 7. O-O $146 ({Predecessor:} 7. a4 e6 8. d5 cxd5 9. exd5 e5 10. Nb5 Nc5 11. b4 Na6 12. c3 Bh6 13. Bxh6 Nxh6 {1-0 Kulon,K (1977)-Woniak,K (1997) POL-chT 2nd League 2004 (11.72)}) 7... e6 8. Bb3 {[%emt 0:01:11] White is better.} a5 ({Better is} 8... Qc7) 9. Bf4 e5 {[%emt 0:05:16] [#]} (9... Qc7 $16) 10. dxe5 $1 $18 dxe5 11. Be3 Qc7 12. Ng5 Nh6 13. f4 {[%emt 0:01:21][%cal Ob3f7] aiming for Bxf7+!} O-O 14. f5 $36 {[%emt 0:00:52][%mdl 2048] White is on the roll.} b5 (14... Nf6 $16 {was necessary.} 15. fxg6 hxg6) 15. fxg6 hxg6 {[%emt 0:00:40] [#]} 16. a3 $1 {[%emt 0:20:16] White has more active pieces.} Ba6 17. Rf3 Rad8 (17... Nf6 $142 18. Bc5 Rfd8) 18. Qe1 a4 19. Ba2 {[%emt 0:00:08] Hoping for Qh4.} c5 $2 (19... Nf6 20. Qf2 Rd6) 20. Qh4 {[%emt 0:02:46][%cal Of3f7] Black must now prevent Rxf7!} c4 21. Raf1 $2 (21. Nd5 Qd6 22. Nxf7 {[%mdl 64] Discovered Attack, Deflection} Rxf7 23. Qxd8+ Qf8 24. Qxf8+ Bxf8 25. Rd1) 21... Nb6 $2 {[%emt 0:03:26] [#]} (21... Qc6 22. Rg3 (22. Nd5 Rde8 $18) 22... Nf6) 22. Rxf7 $3 {[%emt 0:00:56][%mdl 512] White is clearly winning.} Rxf7 (22... Qc6 23. Ra7) 23. Rxf7 Nxf7 24. Qh7+ Kf8 25. Ne6+ {[%emt 0:00:03] Black did not feel at home in the position after the opening. Excellently played by KONAN KOUASSI AUGUSTIN!   Weighted Error Value: White=0.38/Black=0.78} (25. Qxg6 $2 {too greedy.} Nxg5 26. Bxb6 Qd6 27. Qxd6+ {[%mdl 64] Remove Defender} Rxd6 $19) 1-0

[Event "FIDE Zonal 4-2 Open 2023"]
[Site "Dimbroko"]
[Date "2023.03.27"]
[Round "4.11"]
[White "Joel O. Ebiekuta"]
[Black "Daniel Kolliemelen"]
[Result "0-1"]
[ECO "C15"]
[WhiteElo "1855"]
[BlackElo "1805"]
[Annotator "NA RC COMBH"]
[PlyCount "86"]
[EventDate "2023.03.25"]
[EventType "swiss"]
[EventCountry "IVO"]
[SourceTitle "playchess.com"]
[Source "ChessBase"]
[SourceQuality "1"]
[TimeControl "40/5400+30:1800+30"]

1. e4 e6 2. d4 d5 3. Nc3 Bb4 4. Bd3 Nc6 5. Nf3 Nge7 6. a3 Ba5 7. Be3 dxe4 8. Bxe4 Nd5 9. Bd3 Nxc3 ({Inferior is} 9... Bxc3+ 10. bxc3 Nxc3 11. Qd2 $11) 10. bxc3 Bxc3+ 11. Kf1 Bxa1 ({Less strong is} 11... Nxd4 12. Nxd4 c6 13. Ne2 Bxa1 14. Qxa1 $14) 12. Qxa1 Ne7 13. c4 f6 14. Ke2 c6 15. h4 a6 16. a4 Bd7 17. Qb1 {[%emt 0:00:22] [#]} b5 $1 18. cxb5 (18. Qc2 $142) 18... axb5 19. axb5 cxb5 20. Bxh7 {[%emt 0:00:51] [#]} b4 $1 21. Bd3 Qa5 22. Bd2 Bb5 23. Qxb4 Bxd3+ 24. Kxd3 Qxb4 (24... Qf5+ $142 25. Ke2 Qe4+ 26. Kf1 Kf7) 25. Bxb4 Nd5 26. Bd2 Kf7 27. g4 (27. Rb1 $17) 27... Ra3+ 28. Ke2 Rb8 29. Rh3 Ra2 30. Kf1 Rbb2 31. Be1 Nf4 32. Rg3 Ra1 33. Ng1 Rbb1 34. Re3 Nd3 35. Nf3 Nxe1 36. Nxe1 Rd1 37. f3 Rxd4 38. Kf2 Rd2+ 39. Kg3 Raa2 40. Rb3 $2 (40. f4) 40... e5 41. f4 $2 (41. Re3) 41... Re2 42. Rb7+ Kg8 43. Rb1 Re3+ $19 (43... Ra3+ {mates} 44. Nf3 e4 {[%mdl 64] Pin} 45. Rf1 Ree3 {[%mdl 64] Pin} 46. Kh2 Rxf3 47. Kg1 Rxf1+ 48. Kxf1 Rf3+ 49. Ke2 Rxf4 50. Ke3 Rxg4 51. Kf2 Rxh4 52. Ke3 f5 53. Kd4 Rh3 54. Kc4 Rd3 55. Kc5 f4 56. Kb6 f3 57. Kc7 f2 58. Kc6 f1=Q 59. Kc5 Qc1+ 60. Kb4 e3 61. Ka5 Rb3 62. Ka6 Qa3#) 0-1

[Event "FIDE Zonal 4-2 Open 2023"]
[Site "Dimbroko"]
[Date "2023.03.27"]
[Round "4.12"]
[White "AKA JUSTIN JEAN-ROBERT KOUMI"]
[Black "Amako Marc Arnold"]
[Result "0-1"]
[ECO "B33"]
[WhiteElo "1833"]
[BlackElo "1647"]
[Annotator "NA RC COMBH"]
[PlyCount "74"]
[EventDate "2023.03.25"]
[EventType "swiss"]
[EventCountry "IVO"]
[SourceTitle "playchess.com"]
[Source "ChessBase"]
[SourceQuality "1"]
[TimeControl "40/5400+30:1800+30"]

1. e4 c5 2. Nf3 Nc6 3. d4 cxd4 4. Nxd4 Nf6 5. Nc3 e5 6. Nxc6 bxc6 7. a3 {[%emt 0:08:43] 7.Bd3 is a critical line.} Bc5 8. Be2 O-O 9. O-O Rb8 {[%emt 0:01:25] [#]} 10. Rb1 $146 ({Predecessor:} 10. Na4 Be7 11. f4 d6 12. Nc3 exf4 13. Rxf4 d5 14. exd5 cxd5 15. Kh1 Bd6 16. Ra4 {0-1 Gonzalez Sole,F (1830)-Proskuryakov,M (2127) Alpert Cup pr21 email 2010}) 10... h6 11. b4 Bd4 12. Bb2 Qe7 13. Qd3 d6 14. Na4 Bxb2 15. Rxb2 d5 16. exd5 cxd5 17. Rfb1 Bd7 18. Nc5 Bb5 19. Qd2 {[%emt 0:00:47] [#]} a5 20. c3 axb4 21. cxb4 Bxe2 22. Qxe2 e4 23. Nb3 Qa7 24. Ra2 d4 25. Rc1 Rfc8 26. Rxc8+ Rxc8 27. Nc5 Qb6 28. h3 Qd6 29. Qa6 (29. a4 $17) 29... Rc6 (29... Qxa6 $19 30. Nxa6 Rc1+ 31. Kh2 d3) 30. Qe2 $1 Qd5 31. a4 {[%emt 0:00:41] [#]} (31. Ra1 $17) 31... d3 $1 32. Qd2 Nd7 $2 (32... Rxc5 $19 33. bxc5 e3 34. fxe3 (34. Qxe3 $2 {loses.} Qxa2 35. Qxd3 Qxa4 $19) 34... Ne4) 33. Nxd7 Qxd7 (33... Rg6 $5 34. Qe3 (34. Nc5 $2 Rxg2+ 35. Kf1 Rh2 $19) 34... Rd6 $11) 34. a5 $2 (34. b5 $17 Rg6 35. Qe3) 34... Qc7 35. Ra1 Rc2 36. a6 (36. Qe3 $19 Qc3 37. Rd1 Qxb4 38. Qb6 Qxb6 39. axb6) 36... Rxd2 37. a7 {[%emt 0:00:00] [#]} Rd1+ $3 0-1

[Event "FIDE Zonal 4-2 Open 2023"]
[Site "Dimbroko"]
[Date "2023.03.27"]
[Round "5.1"]
[White "Ortega Amarelle, Mariano"]
[Black "Abdulraheem Abdulrahman Akinto"]
[Result "1-0"]
[ECO "D07"]
[WhiteElo "2472"]
[BlackElo "2302"]
[Annotator "TA"]
[PlyCount "91"]
[EventDate "2023.03.25"]
[EventType "swiss"]
[EventCountry "IVO"]
[SourceTitle "playchess.com"]
[Source "ChessBase"]
[SourceQuality "1"]
[TimeControl "40/5400+30:1800+30"]

1. d4 d5 2. c4 Nc6 3. cxd5 Qxd5 4. e3 e5 5. Nc3 Bb4 6. a3 Bxc3+ 7. bxc3 exd4 {[%emt 0:03:27] D07: Queen's Gambit: Chigorin Defence.} 8. cxd4 Nf6 9. Ne2 Ne4 {[%emt 0:11:01] Repels Nc3. White is slightly better.} 10. Nf4 (10. Qa4 {simplifies} Qa5+ 11. Qxa5 Nxa5 12. Nf4) 10... Qa5+ 11. Bd2 Nxd2 12. Qxd2 {[%emt 0:00:07] [#]} O-O $146 ({Predecessor:} 12... Bd7 13. Bc4 O-O 14. Rb1 b6 15. Bd5 Rac8 16. Rc1 Qxd2+ 17. Kxd2 Na5 18. Rc3 c6 {½-½ Andersen,S (2159)-Klauner,T (2032) EU-Cup 34th Porto Carras 2018 (3.4)}) 13. Qxa5 Nxa5 14. Rc1 c6 15. Bd3 {[%emt 0:01:02] Black is weak on the dark squares} Rd8 16. O-O Rd6 17. h4 Bd7 18. Rc3 Rd8 19. f3 g6 20. g4 Kg7 21. Kf2 Be8 22. g5 h6 23. Rg1 b6 24. Be4 Bd7 25. Nd3 hxg5 26. hxg5 ({Weaker is} 26. Rxg5 f5 27. Nf4 fxe4 $17) 26... Rh8 (26... Bf5 $14) 27. Ne5 $16 Rh2+ {[%emt 0:00:30] [#]} 28. Rg2 ({Better is} 28. Kg3 $1 $16 Rh5 29. f4) 28... Rxg2+ (28... Rh8 $14) 29. Kxg2 Be8 30. Ng4 Rd8 31. Nf6 Kf8 32. f4 {[%emt 0:16:30] White is much more active.} Ke7 33. f5 gxf5 34. Bxf5 Kd6 (34... c5 $16) 35. Kg3 Nb7 (35... b5 $142 36. Rc5 Ke7) 36. e4 {[%emt 0:01:51][%cal Be3e4,Be4e5][%mdl 32] e5+ would be deadly.} Na5 $2 (36... Ke7 {is more resistant.}) 37. Kf4 $18 Ke7 {[%emt 0:01:17] [#]} 38. d5 cxd5 39. Nxd5+ (39. exd5 $142 Kf8 40. Rc7) 39... Kd6 $2 (39... Kf8 40. Rc7 a6 41. Nxb6 Nc6) 40. e5+ ({Less strong is} 40. Rc7 Nc6 $14) 40... Kxd5 41. Rd3+ {[%emt 0:30:06][%mdl 64] Skewer} Kc5 42. Rxd8 Ba4 43. e6 fxe6 44. Bxe6 {[%emt 0:00:00] White wants to mate with g6.} Nc6 45. Rd5+ Kc4 46. Ra5+ {[%emt 0:04:34] Weighted Error Value: White=0.22 (precise) /Black=0.48} 1-0

[Event "FIDE Zonal 4-2 Open 2023"]
[Site "Dimbroko"]
[Date "2023.03.27"]
[Round "5.2"]
[White "Nean, Franck Anderson"]
[Black "Barcon, Harmon"]
[Result "1-0"]
[ECO "D46"]
[WhiteElo "1851"]
[BlackElo "1928"]
[Annotator "TA"]
[PlyCount "78"]
[EventDate "2023.03.25"]
[EventType "swiss"]
[EventCountry "IVO"]
[SourceTitle "playchess.com"]
[Source "ChessBase"]
[SourceQuality "1"]
[TimeControl "40/5400+30:1800+30"]

1. d4 d5 2. Nf3 Nf6 3. c4 c6 4. Nc3 e6 5. e3 Bd6 6. Bd3 Nbd7 7. e4 dxe4 8. Nxe4 Nxe4 9. Bxe4 Nf6 10. Bc2 Bb4+ 11. Bd2 Bxd2+ 12. Qxd2 O-O 13. O-O Qc7 {[%emt 0:00:13] D46: Semi-Slav: 5 e3 Nbd7 6 Bd3, Black avoids the Meran.} 14. Rad1 b6 15. Rfe1 {[%emt 0:01:01] [#]} Rd8 $146 {[%emt 0:00:08] White has an edge.} ({Predecessor:} 15... Bb7 16. c5 Rfd8 17. Qc3 Nd5 18. Qa3 Qe7 19. Nd2 Nc7 20. Nc4 Nb5 21. Qe3 Qf6 {1-0 Muradli,M (2552)-Sukandar,I (2373) Abu Dhabi Masters 28th 2022 (8)}) 16. Qg5 h6 17. Qh4 (17. Qe5 $14 {was preferrable.} Qe7 18. Qe3) 17... Bb7 $11 18. b3 c5 19. Ne5 cxd4 20. Rxd4 Rxd4 21. Qxd4 Rd8 22. Qe3 Qe7 23. h3 Qa3 $2 {[%emt 0:00:34][%mdl 8192] [#]} (23... Nd7 $11 {and Black is okay.}) 24. Nxf7 $1 $18 {[%emt 0:12:30][%mdl 576] Discovered Attack} Re8 25. Bg6 {[%emt 0:05:43][%cal Of7h6] Strongly threatening Nxh6+!} Re7 (25... Qe7 $142 26. Nxh6+ gxh6) 26. Nd8 {[%emt 0:09:58] Hoping for Nxb7.} Bc8 {[%emt 0:03:24] Black is weak on the light squares} (26... Qd6) 27. Nc6 Rc7 {[%emt 0:00:30] [#]} 28. Rd1 $1 Bd7 (28... Rd7 29. Qxe6+) 29. Nb8 (29. Ne5 $142) 29... Qe7 30. Nxd7 $40 {[%mdl 128] Black is in trouble.} Rxd7 31. Rxd7 Nxd7 {[%emt 0:00:30][%mdl 4096] Endgame KQB-KQN} 32. Qe4 {White is much more active.} Nf8 33. Bh5 Qd6 34. Bg4 Qe7 35. Qe5 Qd7 $2 {[%emt 0:00:30] Loses the game.} (35... g6 $16 {keeps fighting.} 36. g3 h5) 36. a3 Kf7 37. b4 g6 38. c5 ({But not} 38. Qf4+ Ke7 39. Bf3 Qd6 40. Qxh6 Qe5) 38... bxc5 39. Qxc5 Qe7 {[%emt 0:00:30] Weighted Error Value: White=0.35/Black=0.54} 1-0

[Event "FIDE Zonal 4-2 Open 2023"]
[Site "Dimbroko"]
[Date "2023.03.27"]
[Round "5.3"]
[White "Kennedy Zinnah Kengo"]
[Black "Thomas, Saah"]
[Result "0-1"]
[ECO "B22"]
[WhiteElo "1785"]
[BlackElo "1916"]
[Annotator "TA"]
[PlyCount "58"]
[EventDate "2023.03.25"]
[EventType "swiss"]
[EventCountry "IVO"]
[SourceTitle "playchess.com"]
[Source "ChessBase"]
[SourceQuality "1"]
[TimeControl "40/5400+30:1800+30"]

1. e4 c5 2. Nf3 Nc6 3. c3 g6 4. d4 cxd4 5. cxd4 Bg7 6. Nc3 d6 7. h3 Nf6 8. Bb5 {[%emt 0:00:30] Strongly threatening d5. B22: Sicilian: 2 c3.} a6 9. Ba4 b5 10. Bc2 {[%emt 0:00:06] [#] The position is equal.} Nb4 $146 ({Predecessor:} 10... O-O 11. O-O Bb7 12. d5 Ne5 13. Nxe5 dxe5 14. Bg5 Rc8 15. Re1 Qd7 16. Rc1 Rfd8 {0-1 Gomez Diaz,R (1346)-Garcia Amelibia,E (1578) ESP-ch U12 Salobrena 2022 (2)}) 11. Bb1 O-O 12. d5 a5 $1 13. a3 (13. Be3 $14) 13... Na6 $11 14. Nxb5 Nc5 15. Nc3 (15. O-O $11 {was preferrable.}) 15... Ba6 $17 16. Be3 Nfd7 {[%emt 0:00:21] White must now prevent ...Qb8.} 17. Bc2 Rb8 18. Rb1 Rxb2 $1 {[%emt 0:00:23][%mdl 64] Remove Defender, Decoy. Black is more active.} 19. Na4 {[%emt 0:00:50] [#]} (19. Ne2 $17 {is a better chance.}) 19... Rxc2 $2 20. Qxc2 Nxa4 ({Black should try} 20... Bd3 $17 21. Qd1 Bxe4 22. Nxc5 Nxc5) 21. Qxa4 $11 Bc3+ {[%emt 0:00:08] A strong pair of Bishops.} (21... Nc5 $1 $11 22. Bxc5 dxc5) 22. Nd2 $2 (22. Kd1 $16) 22... Ne5 {[%emt 0:00:23] Prevents Qc6. ...Qa8 is the strong threat.} 23. Qc2 {[%emt 0:02:10] [#]} (23. Kd1 $11 {keeps the balance.}) 23... Qc7 $1 $17 {[%emt 0:01:09][%mdl 1024] Threatens to win with ...Qc4. Black has strong compensation.} 24. Bd4 $2 {[%emt 0:02:20][%mdl 8192] [#]} (24. Rb6 $17 Bd3 25. Qc1) 24... Qc4 $1 {[%emt 0:00:34][%csl Ga6][%cal Rc4e2][%mdl 64] Double Attack} 25. Kd1 (25. Rb5 Bxb5) 25... Qe2+ 26. Kc1 Nd3+ 27. Qxd3 Qxd3 {[%emt 0:00:06][%csl Gc3][%cal Rd3d2] Black mates.} 28. Bxc3 Rc8 29. Rb2 Rxc3+ {[%emt 0:00:32] A superb game by Thomas.   Weighted Error Value: White=0.76/Black=0.42} 0-1

[Event "FIDE Zonal 4-2 Open 2023"]
[Site "Dimbroko"]
[Date "2023.03.27"]
[Round "5.4"]
[White "Ble, Kouko Hubert"]
[Black "Egbe, Kossi Thierry"]
[Result "1-0"]
[ECO "A34"]
[WhiteElo "1825"]
[BlackElo "1740"]
[Annotator "NA RC COMBH"]
[PlyCount "44"]
[EventDate "2023.03.25"]
[EventType "swiss"]
[EventCountry "IVO"]
[SourceTitle "playchess.com"]
[Source "ChessBase"]
[SourceQuality "1"]
[TimeControl "40/5400+30:1800+30"]

1. Nf3 c5 2. c4 Nf6 3. Nc3 Nc6 4. e3 d6 5. d4 Bg4 6. Be2 g6 7. O-O Bg7 8. h3 Bf5 9. Bd3 O-O 10. Bxf5 gxf5 11. Qd3 e6 12. Rd1 cxd4 13. exd4 Nd7 14. Bf4 Qe7 15. Re1 a6 16. Rad1 Rad8 17. Nd5 Qe8 18. Bxd6 Nde5 19. dxe5 exd5 20. cxd5 Ne7 21. Bxe7 Qxe7 22. Qxf5 h6 1-0

[Event "FIDE Zonal 4-2 Open 2023"]
[Site "Dimbroko"]
[Date "2023.03.27"]
[Round "5.5"]
[White "Cogan, Nicolas"]
[Black "Bobby Ballah"]
[Result "1-0"]
[ECO "E48"]
[WhiteElo "2013"]
[BlackElo "1914"]
[Annotator "TA"]
[PlyCount "71"]
[EventDate "2023.03.25"]
[EventType "swiss"]
[EventCountry "IVO"]
[SourceTitle "playchess.com"]
[Source "ChessBase"]
[SourceQuality "1"]
[TimeControl "40/5400+30:1800+30"]

1. d4 Nf6 2. c4 e6 3. Nc3 Bb4 4. e3 O-O 5. Bd3 c5 6. Nge2 Nc6 7. O-O d5 8. cxd5 exd5 9. a3 cxd4 10. exd4 Bd6 11. h3 h6 {[%emt 0:00:57] E48: Nimzo-Indian: Rubinstein: 5 Bd3 d5 including 6 Ne2, but excluding 6 a3.} 12. Be3 {[%emt 0:02:10] [#]} a6 $146 ({Predecessor:} 12... Re8 13. Rc1 a6 14. Bb1 Bf8 15. Nf4 Ne7 16. Qf3 Qd6 17. Ba2 Rd8 18. Nd3 g5 19. Ne5 {0-1 Pacher,M (2442)-Lewtak,D (2380) Lvov Vasylyshyn Memorial 16th 2019 (7)}) 13. Ng3 Re8 {[%emt 0:10:38] Strongly threatening ...Bxg3. The position is equal.} 14. Qf3 Be6 (14... Bc7 {with more complications.} 15. Rfe1 Qd6 16. Bxh6 Bg4) 15. b4 Nh7 16. Nf5 (16. Nxd5 $2 {is the wrong capture.} Bxd5 17. Qxd5 Bxg3 $19) 16... Bf8 17. Qg3 (17. Rfd1 {simplifies} a5 18. b5 Ne7 19. Nxe7+ Bxe7 20. Bxh7+ Kxh7 21. Na4) 17... Bxf5 18. Bxf5 Bd6 19. Bxh7+ Kxh7 20. Qf3 Qh4 (20... Bb8 $14) 21. Rad1 Kg8 22. Nxd5 Rad8 23. Nc3 Bb8 24. d5 ({Better is} 24. b5 $16 Na5 25. bxa6) 24... Ne5 $11 25. Qf5 (25. Qf4 $14 Qxf4 26. Bxf4) 25... Nc4 26. Bd4 ({Much weaker is} 26. Rd4 Nxe3 27. fxe3 Qg3 $17) 26... Be5 27. Bxe5 (27. g3 $5 Qg5 28. Qxg5 hxg5 29. Bxe5 Rxe5 30. a4 $14) 27... Rxe5 28. Qf3 Rd6 ({Black should play} 28... b5 $11) 29. Ne2 (29. Rfe1 $14) 29... Rg5 $2 (29... Rf6 $11 30. Qg3 Qxg3 31. Nxg3 Rd6) 30. Rd4 $18 {[%emt 0:00:26] White is clearly winning.} Ne5 31. Qe3 Qh5 32. Nf4 Qf3 {[%emt 0:01:50] [#]} 33. Qxe5 Rdg6 {[%emt 0:00:06] [#]} (33... Rxe5 $142 34. gxf3 Rg5+ 35. Kh2 Rf5) (33... Qxg2+ 34. Nxg2) 34. Qxg5 $3 Rxg5 35. d6 Qc3 36. Rfd1 {[%emt 0:00:00] Beautiful play by Cogan!   Weighted Error Value: White=0.21 (precise) /Black=0.45} 1-0

[Event "FIDE Zonal 4-2 Open 2023"]
[Site "Dimbroko"]
[Date "2023.03.27"]
[Round "5.6"]
[White "Foday W. Kondoh"]
[Black "Manan, Yoboue Hermann"]
[Result "0-1"]
[ECO "A13"]
[WhiteElo "1727"]
[BlackElo "2015"]
[Annotator "TA"]
[PlyCount "100"]
[EventDate "2023.03.25"]
[EventType "swiss"]
[EventCountry "IVO"]
[SourceTitle "playchess.com"]
[Source "ChessBase"]
[SourceQuality "1"]
[TimeControl "40/5400+30:1800+30"]

1. Nf3 Nf6 2. b3 d5 3. Bb2 Nbd7 4. e3 e6 5. c4 Be7 6. Be2 O-O 7. Na3 {[%emt 0:00:13] A13: English Opening: 1...e6.} c5 8. O-O b6 {[%emt 0:02:10] [#]} 9. Rc1 $146 {[%emt 0:00:31] The position is equal.} ({Predecessor:} 9. cxd5 exd5 10. d4 Bb7 11. Rc1 Rc8 12. Nb5 a6 13. Nc3 Re8 14. dxc5 bxc5 15. Qd3 {½-½ Neiss,J (2102)-Sawatzky,A (1419) Passau op 7th 1999 (2)}) 9... Bb7 10. Nc2 dxc4 11. bxc4 Qc7 12. Nce1 Rad8 13. Qc2 e5 14. d3 Rfe8 (14... e4 $5 15. Nd2 Bd6 $15) 15. e4 Bd6 16. h3 Nf8 17. Qd2 Ne6 18. Nc2 Nf4 (18... Bf8 {simplifies} 19. Qe1 Nd4 20. Ne3 Nxf3+ 21. Bxf3 Rxd3 22. Qe2 Rdd8) 19. Kh2 $2 (19. Ne3 $11) 19... Bc8 ({Black should try} 19... Bf8 $1 $17 {Strongly threatening ...Nxe4.} 20. Qe3 (20. Bxe5 $2 Rxe5 21. Qxf4 {[%mdl 64] Pin} Bd6 $19) 20... g6) 20. Ng1 Qd7 (20... Bf8 $5 21. Qc3 Qd6 $15) 21. Ne3 Bf8 {[%emt 0:01:03] Black has more active pieces.} (21... Be7 $17 22. Qc3 Nxe2 23. Nxe2 Qxd3) 22. Nd5 $11 N6xd5 23. cxd5 g6 24. Bg4 (24. Rfe1 $11) 24... f5 $15 25. Bd1 {[%emt 0:01:01] [#]} (25. Be2 $15) 25... Ba6 $1 $36 {[%emt 0:05:01][%mdl 2048] Hoping for ...fxe4. Black is really pushing.} 26. Be2 Qb5 ({Black should play} 26... Bh6 $17 {Threatens to win with ...Nxe2.} 27. Qc2 Nxe2 {[%mdl 64] Discovered Attack} 28. Nxe2 Bxc1 29. Rxc1 Rf8) 27. Rc3 $2 {[%emt 0:00:30][%mdl 8192] Now White is beyond hope.} ({White has to play} 27. a4 $1 $15 Qxa4 28. Ra1) 27... fxe4 $19 28. Rb3 {[%emt 0:00:30] [#]} Qa5 ({Don't go for} 28... Qa4 $2 29. dxe4 Nxe2 30. Nxe2 Qxe4 31. Ng3 Qxd5 32. Qxd5+ Rxd5 33. Ne4 $19) 29. Bc3 Qa4 30. Bd1 (30. dxe4 {might work better.} Qxe4 31. f3) 30... Qd7 ({Not} 30... Nxd5 31. Rxb6 $17) 31. Re1 Qxd5 32. Ra3 Bxd3 {[%emt 0:00:30] White must now prevent ...Qf7.} 33. g3 Ne6 34. Rxa7 Ra8 35. Bb3 (35. Rxa8 $142 Rxa8 36. a4) 35... c4 36. Rxa8 Rxa8 37. Bd1 Bc5 38. h4 Bd4 {[%emt 0:25:35] ...Bxc3 would be deadly.} 39. Bg4 Bxc3 40. Qxc3 Rxa2 41. Nh3 Nd4 42. Qb4 Qc5 43. Qc3 Nb3 {[%emt 0:00:40] aiming for ...Rc2.} 44. Rg1 Qa5 45. Be6+ Kg7 46. Qe1 Qxe1 47. Rxe1 Ra1 48. Re3 Nd4 {[%emt 0:00:00] ( -> ...c3)} 49. Bxc4 Bxc4 50. Rxe4 Bd5 {[%emt 0:00:00] Weighted Error Value: White=0.67/Black=0.17 (very precise)} 0-1

[Event "FIDE Zonal 4-2 Open 2023"]
[Site "Dimbroko"]
[Date "2023.03.27"]
[Round "5.9"]
[White "Daniel Kolliemelen"]
[Black "Semeko, Lumen Paco"]
[Result "1-0"]
[ECO "D35"]
[WhiteElo "1805"]
[BlackElo "1483"]
[Annotator "NA RC COMBH"]
[PlyCount "87"]
[EventDate "2023.03.25"]
[EventType "swiss"]
[EventCountry "IVO"]
[SourceTitle "playchess.com"]
[Source "ChessBase"]
[SourceQuality "1"]
[TimeControl "40/5400+30:1800+30"]

1. d4 d5 2. c4 Nf6 3. Nc3 e6 4. e3 c5 5. Bd3 cxd4 6. exd4 dxc4 7. Bxc4 a6 8. Bg5 Be7 9. Nge2 O-O 10. O-O b5 11. Bd3 Bb7 12. a3 Nbd7 13. Rc1 Rc8 14. f3 Nd5 15. Bxe7 Qxe7 16. Nxd5 Bxd5 17. Qd2 Qd6 18. Rfe1 Nb6 19. Rxc8 Rxc8 20. Nc3 Rd8 21. Qf2 Bc4 22. Rd1 Bxd3 23. Rxd3 Nd5 24. h3 h6 25. Ne4 Qc6 26. Rd1 a5 27. Qd2 b4 28. Rc1 Qb6 29. Kh1 Ne7 30. axb4 axb4 31. Rc4 Nc6 32. Nc5 Qa7 33. Nb3 $15 ({Better is} 33. Nxe6 $1 $11 fxe6 34. Rxc6) 33... Qa4 34. Qc2 Na5 (34... Ne7 $15) 35. Nxa5 Qxa5 36. Rc8 Rxc8 37. Qxc8+ Kh7 38. Qc2+ g6 39. Kh2 Qd5 40. Qc7 Kg7 41. Qe5+ Qxe5+ 42. dxe5 Kf8 $2 (42... f6 $11) 43. Kg3 Ke7 44. Kf4 1-0

[Event "FIDE Zonal 4-2 Open 2023"]
[Site "Dimbroko"]
[Date "2023.03.27"]
[Round "5.10"]
[White "Amako Marc Arnold"]
[Black "KONAN KOUASSI AUGUSTIN"]
[Result "1-0"]
[ECO "E73"]
[WhiteElo "1647"]
[BlackElo "1775"]
[Annotator "NA RC COMBH"]
[PlyCount "37"]
[EventDate "2023.03.25"]
[EventType "swiss"]
[EventCountry "IVO"]
[SourceTitle "playchess.com"]
[Source "ChessBase"]
[SourceQuality "1"]
[TimeControl "40/5400+30:1800+30"]

1. c4 Nf6 2. Nc3 d6 3. d4 g6 4. e4 Bg7 5. Be2 O-O 6. h4 Nbd7 7. h5 e5 8. d5 Nc5 9. h6 Bh8 10. Bg5 a5 11. Qc2 c6 12. Rd1 Qc7 13. Bf3 Ne8 14. g4 f6 15. Be3 Nd7 16. dxc6 bxc6 17. c5 dxc5 18. Na4 Nd6 19. Nxc5 1-0

[Event "FIDE Zonal 4-2 Open 2023"]
[Site "Dimbroko"]
[Date "2023.03.27"]
[Round "5.11"]
[White "Koita, Saidou"]
[Black "Harold Evans"]
[Result "0-1"]
[ECO "B01"]
[WhiteElo "1569"]
[BlackElo "1714"]
[Annotator "NA RC COMBH"]
[PlyCount "79"]
[EventDate "2023.03.25"]
[EventType "swiss"]
[EventCountry "IVO"]
[SourceTitle "playchess.com"]
[Source "ChessBase"]
[SourceQuality "1"]
[TimeControl "40/5400+30:1800+30"]

1. e4 d5 2. exd5 Qxd5 3. Nc3 Qd6 4. Nf3 Nc6 5. d4 Bg4 6. Be2 e6 7. Be3 Nf6 8. O-O Nd5 9. Ne4 Qd7 10. c3 O-O-O 11. Bb5 f5 12. Nc5 Qe8 13. b4 Nxc3 14. Qd3 Bxf3 15. gxf3 Nd5 16. Rfd1 Ndxb4 17. Qc4 Bxc5 18. dxc5 Qg6+ 19. Kh1 Qh5 20. Qxe6+ Kb8 21. Be2 Nc2 22. Rxd8+ Rxd8 23. Rb1 Qe8 24. Qb3 N2b4 25. a3 f4 26. axb4 fxe3 27. fxe3 Rd2 28. Rb2 Rxb2 29. Qxb2 Qe5 30. Qxe5 Nxe5 31. f4 Nc6 32. b5 Na5 33. Kg2 Kc8 34. e4 Nb3 35. c6 bxc6 36. bxc6 Nd4 37. Ba6+ Kd8 38. Kf2 Nxc6 39. Ke3 Nb4 40. Be2 0-1